 Dungeon Crawl Stone Soup version 0.28.0-43-g3370ac3207 (webtiles) character file.

Game seed: 12066749191693448590

105 Ablot the Grasshopper (level 4, -1/38 HPs)
             Began as a Gnoll Warper on Mar 22, 2022.
             Slain by an adder (2 damage)
             ... on level 3 of the Dungeon.
             The game lasted 00:03:07 (2367 turns).

Ablot the Grasshopper (Gnoll Warper)                Turns: 2367, Time: 00:03:07

Health: -1/38      AC:  3    Str: 13    XL:     4   Next: 81%
Magic:  11/11      EV: 12    Int: 12    God:
Gold:   50         SH:  0    Dex: 11    Spells: 11/13 levels left

rFire   . . .      SeeInvis .   n - +2 whip (flame)
rCold   . . .      Faith    .   (no shield)
rNeg    . . .      Spirit   .   b - +0 leather armour
rPois   .          Reflect  .   (no helmet)
rElec   .          Harm     .   (no cloak)
rCorr   .          Rampage  .   (no gloves)
Will    +....                   (no boots)
Stlth   +.........              (no amulet)
HPRegen 0.12/turn               t - ring of willpower
MPRegen 0.12/turn               (no ring)

@: lethally poisoned (-1 -> -3)
A: fangs 1, strong nose, distributed training
a: no special abilities


You were on level 3 of the Dungeon.
You visited 1 branch of the dungeon, and saw 3 of its levels.

You collected 128 gold pieces.
You spent 78 gold pieces at shops.

Inventory:

Hand Weapons
 a - a +0 spear
 n - a +2 whip of flaming (weapon)
Missiles
 d - 5 boomerangs of dispersal
 h - 2 poisoned darts
 r - 73 stones
 s - 54 bolts
 u - 4 boomerangs (quivered)
Armour
 b - a +0 leather armour (worn)
Jewellery
 t - a ring of willpower (left hand)
Scrolls
 c - 4 scrolls of blinking
 e - a scroll of amnesia {unknown}
 g - a scroll of enchant armour {unknown}
 j - 2 scrolls of identify {unknown}
 q - a scroll of fog {unknown}
 w - a scroll of fear
Potions
 f - a potion of mutation {unknown}
 i - a potion of lignification {unknown}
 k - a potion of ambrosia {unknown}
 l - a potion of heal wounds {unknown}
 m - a potion of haste {unknown}
 o - a potion of berserk rage {unknown}
 p - a potion of invisibility {unknown}
 v - a potion of curing


   Skills:
 + Level 4.7 Fighting
 + Level 1.2 Short Blades
 + Level 1.2 Long Blades
 + Level 1.2 Axes
 + Level 1.2 Maces & Flails
 + Level 4.7 Polearms
 + Level 1.2 Staves
 + Level 1.2 Slings
 + Level 1.2 Bows
 + Level 1.2 Crossbows
 + Level 2.8 Throwing
 + Level 2.8 Armour
 + Level 4.7 Dodging
 + Level 1.2 Stealth
 + Level 1.2 Shields
 + Level 1.2 Unarmed Combat
 + Level 5.1 Spellcasting
 + Level 1.0 Conjurations
 + Level 1.0 Hexes
 + Level 1.0 Summonings
 + Level 1.0 Necromancy
 + Level 5.5 Translocations
 + Level 1.0 Transmutations
 + Level 1.0 Fire Magic
 + Level 1.0 Ice Magic
 + Level 1.0 Air Magic
 + Level 1.0 Earth Magic
 + Level 1.0 Poison Magic
 + Level 1.4 Invocations
 + Level 1.2 Evocations


You had 11 spell levels left.
You knew the following spells:

 Your Spells              Type           Power      Damage    Failure   Level
a - Blink                 Tloc           32%        N/A       4%          2

Your spell library contained the following spells:

 Spells                   Type           Power      Damage    Failure   Level
 Gell's Gravitas          Tloc           16%        N/A       8%          3
 Lesser Beckoning         Tloc           16%        N/A       8%          3
 Teleport Other           Tloc           16%        N/A       8%          3
 Manifold Assault         Tloc           16%        N/A       58%         5


Dungeon Overview and Level Annotations

Branches:
Dungeon (3/15)

Altars:

Shops:
D:3 *

Portals:
Sewer: D:3


Innate Abilities, Weirdness & Mutations

You have very sharp teeth.
Your uncanny sense of smell can sniff out nearby items.
Your experience applies equally to all skills.


Message History

You feel sick.
You miss the adder. Your bite misses the adder.
You feel sick. The adder closely misses you. x2
You miss the adder.
You feel sick. The adder barely misses you.
You hit the adder. You burn the adder. Your bite misses the adder.
The adder is lightly wounded.
You feel sick. The adder bites you but does no damage.
You completely miss the adder.
The adder is lightly wounded.
You feel sick.
You are no longer poisoned.
The adder closely misses you. The adder barely misses you.
You are too injured to fight recklessly!
You are too injured to fight recklessly!
You are too injured to fight recklessly!
You hit the adder. You burn the adder.
The adder is heavily wounded.
The adder misses you.
You closely miss the adder.
The adder is heavily wounded.
The adder bites you.
You are poisoned.
The adder poisons you!
You closely miss the adder.
The adder is heavily wounded.
You feel sick. The adder bites you. x2
* * * LOW HITPOINT WARNING * * *
You hit the adder. You burn the adder.
The adder is severely wounded.
You feel sick. The adder bites you.
* * * LOW HITPOINT WARNING * * *
You barely miss the adder. Your bite misses the adder.
The adder is severely wounded.
You feel sick. The adder barely misses you.
You barely miss the adder. Your punch misses the adder.
The adder is severely wounded.
You feel sick. The adder bites you.
* * * LOW HITPOINT WARNING * * *
The adder bites you.
You die...

.......####
............
#<....###...
............
...#..###... ####
...#...## ... #
........#
####.##.#
...#...##
#........
...###..####
#@####### ####
##....## #S#≈≈≈≈≈#
####..####B'≈≈∩≈≈#
#.......#≈≈≈≈≈#
#.......#######
#..............
######.........
##########


You could see an adder and a giant cockroach.

Vanquished Creatures
  5 adders
  7 endoplasms
  3 giant cockroaches
  5 goblins
  8 hobgoblins
  3 jackals (D:2)
  3 kobolds
  A quokka (D:2)
  5 ball pythons
  7 bats
  A frilled lizard (D:1)
  9 rats
57 creatures vanquished.

Vanquished Creatures (others)
  5 fungi (D:3)
5 creatures vanquished.

Grand Total: 62 creatures vanquished

Notes
Turn   | Place    | Note
-------+----------+-------------------------------------------
     0 | D:1      | Ablot the Gnoll Warper began the quest for the Orb.
     0 | D:1      | Reached XP level 1. HP: 20/20 MP: 6/6
   438 | D:1      | Reached XP level 2. HP: 21/26 MP: 7/7
   441 | D:1      | Learned a level 2 spell: Blink
  1066 | D:2      | Reached XP level 3. HP: 31/31 MP: 9/9
  1069 | D:2      | Reached skill level 5 in Spellcasting
  1162 | D:2      | Found a faded altar of an unknown god.
  1267 | D:2      | Reached skill level 1 in Invocations
  1445 | D:2      | Reached skill level 1 in Short Blades
  1445 | D:2      | Reached skill level 1 in Long Blades
  1445 | D:2      | Reached skill level 1 in Axes
  1445 | D:2      | Reached skill level 1 in Maces & Flails
  1445 | D:2      | Reached skill level 1 in Staves
  1445 | D:2      | Reached skill level 1 in Slings
  1445 | D:2      | Reached skill level 1 in Bows
  1445 | D:2      | Reached skill level 1 in Crossbows
  1445 | D:2      | Reached skill level 1 in Stealth
  1445 | D:2      | Reached skill level 1 in Shields
  1445 | D:2      | Reached skill level 1 in Unarmed Combat
  1445 | D:2      | Reached skill level 1 in Evocations
  1445 | D:2      | Reached XP level 4. HP: 33/38 MP: 11/11
  2285 | D:3      | Found Satil's General Store.
  2295 | D:3      | Bought a potion of curing for 36 gold pieces
  2295 | D:3      | Bought a scroll of fear for 42 gold pieces
  2342 | D:3      | Found a glowing drain.
  2354 | D:3      | Reached skill level 1 in Conjurations
  2354 | D:3      | Reached skill level 1 in Hexes
  2354 | D:3      | Reached skill level 1 in Summonings
  2354 | D:3      | Reached skill level 1 in Necromancy
  2354 | D:3      | Reached skill level 1 in Transmutations
  2354 | D:3      | Reached skill level 1 in Fire Magic
  2354 | D:3      | Reached skill level 1 in Ice Magic
  2354 | D:3      | Reached skill level 1 in Air Magic
  2354 | D:3      | Reached skill level 1 in Earth Magic
  2354 | D:3      | Reached skill level 1 in Poison Magic
  2367 | D:3      | HP: 1/38 [adder (3)]
  2367 | D:3      | Slain by an adder

Illustrated notes

Levels and vault maps discovered:
D:1:      dpeg_arrival_shrine, layout_loops_corners, fountainhead
D:2:      layout_rooms, ebering_ecumenical_altar_webs, minmay_door_square
D:3:      layout_rooms, mainiacjoe_overflow_boulevard, gup_sewer_entry_glass,
          serial_shops, shop, minmay_misc_feat_rows, palyth_stone_intersect,
          chequers_serial_rivers_micro_c, kennysheep_generic_room_6

Skill      XL: |  1  2  3  4 |
---------------+-------------+-----
Spellcasting   | 5 |  5.1
Invocations    | 1 |  1.4
Short Blades   | 1 |  1.2
Long Blades    | 1 |  1.2
Axes           | 1 |  1.2
Maces & Flails | 1 |  1.2
Staves         | 1 |  1.2
Slings         | 1 |  1.2
Bows           | 1 |  1.2
Crossbows      | 1 |  1.2
Stealth        | 1 |  1.2
Shields        | 1 |  1.2
Unarmed Combat | 1 |  1.2
Evocations     | 1 |  1.2
Conjurations   | 1 |  1.0
Hexes          | 1 |  1.0
Summonings     | 1 |  1.0
Necromancy     | 1 |  1.0
Transmutations | 1 |  1.0
Fire Magic     | 1 |  1.0
Ice Magic      | 1 |  1.0
Air Magic      | 1 |  1.0
Earth Magic    | 1 |  1.0
Poison Magic   | 1 |  1.0
Fighting       | |  4.7
Polearms       | |  4.7
Throwing       | |  2.8
Armour         | |  2.8
Dodging        | |  4.7
Translocations | |  5.5

Action                   |  1- 3 |  4- 6 || total
-------------------------+-------+-------++-------
Melee: Spear             |    74 |       ||    74
       Bite              |    10 |     3 ||    13
       Whip              |    46 |    65 ||   111
       Punch             |     1 |     2 ||     3
 Stab: Sleeping          |       |     1 ||     1
Armor: Leather armour    |    28 |    11 ||    39
Dodge: Dodged            |    81 |    46 ||   127
